 Dungeon Crawl Stone Soup version 0.20-a0-386-g2d247ea (webtiles) character file.

616 Junicave the Digger (level 7, -7/36 HPs)
             Began as a Gargoyle Earth Elementalist on Dec 30, 2016.
             Was an Initiate of Vehumet.
             Mangled by newbie's ghost (13 damage)
             ... on level 5 of the Dungeon.
             The game lasted 00:12:41 (5029 turns).

Junicave the Digger (Gargoyle Earth Elementalist)   Turns: 5029, Time: 00:12:42

Health: -7/36      AC:  7    Str: 12    XL:     7   Next: 45%
Magic:  1/13       EV: 11    Int: 17    God:    Vehumet [......]
Gold:   263        SH:  0    Dex: 10    Spells: 2/14 levels left

rFire  . . .     SeeInvis .     l - +1 spear (pierce)
rCold  . . .     Gourm    .     a - +0 leather armour
rNeg   + . .     Faith    .     (no shield)
rPois  ∞         Spirit   .     (no helmet)
rElec  +         Reflect  .     (no cloak)
rCorr  .         Harm     .     (no gloves)
MR     .....                    (no boots)
Stlth  ++........               (no amulet)
                                (no ring)
                                r - ring of flight

@: no status effects
A: negative energy resistance 1, electricity resistance, unbreathing,
petrification resistance, rot immunity, AC +4
a: Renounce Religion, Evoke Flight


You were on level 5 of the Dungeon.
You worshipped Vehumet.
Vehumet was noncommittal.
You were not hungry.

You visited 2 branches of the dungeon, and saw 6 of its levels.

You collected 263 gold pieces.

Inventory:

Hand Weapons
 l - a +1 spear of piercing (weapon)
 q - a cursed +0 mace
Missiles
 b - 57 stones (quivered)
Armour
 a - a +0 leather armour (worn)
 c - a +0 robe
Jewellery
 r - a ring of flight (left hand)
Scrolls
 h - a scroll of fear {unknown}
 j - 5 scrolls of teleportation {unknown}
 o - 3 scrolls of remove curse {unknown}
 s - 7 scrolls of identify {unknown}
 u - 2 scrolls of recharging {unknown}
 v - a scroll of noise {unknown}
 y - a scroll of amnesia {unknown}
 B - a scroll of immolation {unknown}
 E - a scroll of enchant weapon {unknown}
 F - a scroll of random uselessness {unknown}
Potions
 g - a potion of flight {unknown}
 k - 2 potions of agility {unknown}
 m - a potion of lignification {unknown}
 p - a potion of cancellation {unknown}
 w - a potion of resistance {unknown}
 x - a potion of ambrosia {unknown}
 A - 2 potions of curing {unknown}
 G - a potion of haste {unknown}
Books
 e - a book of Geomancy

   Spells                             Type                      Level
   a - Sandblast                      Earth                        1
   b - Passwall                       Transmutation/Earth          2
   c - Stone Arrow                    Conjuration/Earth            3
   d - Petrify                        Transmutation/Earth          4
   e - Lee's Rapid Deconstruction     Earth                        5
 t - a book of Minor Magic

   Spells                             Type                      Level
   a - Magic Dart                     Conjuration                  1
   b - Blink                          Translocation                2
   c - Call Imp                       Summoning                    2
   d - Repel Missiles                 Charms/Air                   2
   e - Slow                           Hexes                        2
   f - Conjure Flame                  Conjuration/Fire             3
   g - Mephitic Cloud                 Conjuration/Poison/Air       3
 C - a book of Cantrips

   Spells                             Type                      Level
   a - Confusing Touch                Hexes                        1
   b - Animate Skeleton               Necromancy                   1
   c - Summon Small Mammal            Summoning                    1
   d - Apportation                    Translocation                1
 D - a book of Misfortune

   Spells                             Type                      Level
   a - Confusing Touch                Hexes                        1
   b - Confuse                        Hexes                        3
   c - Gell's Gravitas                Hexes/Translocation          3
   d - Petrify                        Transmutation/Earth          4
   e - Metabolic Englaciation         Hexes/Ice                    5
   f - Yara's Violent Unravelling     Hexes/Transmutation          5
Comestibles
 d - 4 bread rations
 f - a meat ration
 i - a slice of pizza
 n - 5 beef jerkies


   Skills:
 + Level 0.2 Fighting
 + Level 0.9 Armour
 - Level 1.5 Dodging
 - Level 2.1 Stealth
 * Level 4.4 Spellcasting
 * Level 3.2 Conjurations
   Level 0.7 Transmutations
 * Level 6.4 Earth Magic
 + Level 2.5 Poison Magic
 + Level 0.3 Evocations


You had 2 spell levels left.
You knew the following spells:

 Your Spells              Type           Power        Failure   Level  Hunger
a - Sandblast             Erth           ####..       1%          1    None
b - Stone Arrow           Conj/Erth      ###...       12%         3    ###....
c - Mephitic Cloud        Conj/Pois/Air  ##......     28%         3    ###....
d - Lee's Rapid Deconstr  Erth           ####......   38%         5    ######.


Dungeon Overview and Level Annotations

Branches:
Dungeon (5/15)             Temple (1/1) D:4

Altars:
Ashenzari
Cheibriados
Elyvilon
Fedhas
Gozag
Hepliaklqana
Kikubaaqudgha
Makhleb
Nemelex Xobeh
Okawaru
Qazlal
Ru
Sif Muna
Trog
Uskayaw
Vehumet
Xom
Yredelemnul
Zin
The Shining One

Annotations:
D:5 newbie's ghost, novice OgBe


Innate Abilities, Weirdness & Mutations

You are resistant to torment.
Your stone body is resilient. (AC +4)
You are immune to poison.
You resist negative energy. (rN+)
You are resistant to electric shocks. (rElec)
You can survive without breathing.
You are immune to petrification.
You are immune to rotting.


Message History

Press: ? - help, Dir - move target cursor, f/p - newbie's ghost
Aim: newbie's ghost (severely damaged)
You completely miss newbie's ghost.
Newbie's ghost is severely damaged.
Newbie's ghost closely misses you.
Attack whom?
Press: ? - help, Dir - move target cursor, f/p - newbie's ghost
Aim: newbie's ghost (severely damaged)
You closely miss newbie's ghost.
Newbie's ghost is severely damaged.
Newbie's ghost hits you but does no damage.
Attack whom?
Press: ? - help, Dir - move target cursor, f/p - newbie's ghost
Aim: newbie's ghost (severely damaged)
You hit newbie's ghost.
Newbie's ghost is almost destroyed.
Newbie's ghost hits you.
* * * LOW HITPOINT WARNING * * *
Newbie's ghost hits you!
You die...

#.........#...#.##.# #
##.##.####........#.# .
#.<...# ###...#..#.# #
#.....# ##.##..#.########
#.....#######.##............
#................##>########
#.........###.......#
###.#####.###W########### #.#
#.....@.........#######
#.#########.#####.###...>....
#...........# #.# #########
############# #.# #.# #.# #.#
#.# #.#


You could see newbie's ghost.

Vanquished Creatures
  An ogre (D:4)
  2 phantoms (D:4)
  A scorpion (D:4)
  A howler monkey (D:4)
  An orc priest (D:4)
  An orc wizard (D:3)
  Jessica (D:2)
  2 worker ants
  9 adders
  A shadow imp (D:5)
  2 oozes
  3 worms
  3 leopard geckos
  2 orcs
  A ball python (D:4)
  7 bats
  3 giant cockroaches
  2 goblins
  2 hobgoblins (D:3)
  5 kobolds
  6 quokkas
  2 frilled lizards
  A leopard gecko skeleton (D:4)
  3 rats
62 creatures vanquished.

Notes
Turn   | Place    | Note
-------+----------+-------------------------------------------
     0 | D:1      | Junicave the Gargoyle Earth Elementalist began the quest for the Orb.
     0 | D:1      | Reached XP level 1. HP: 10/10 MP: 3/3
   394 | D:1      | Reached skill level 4 in Earth Magic
   394 | D:1      | Reached XP level 2. HP: 13/15 MP: 5/5
  1617 | D:2      | Reached XP level 3. HP: 18/19 MP: 4/6
  1648 | D:2      | Noticed Jessica
  1652 | D:2      | Killed Jessica
  1652 | D:2      | Reached XP level 4. HP: 24/24 MP: 4/8
  1684 | D:2      | Reached skill level 5 in Earth Magic
  1807 | D:2      | Found a burning altar of Makhleb.
  1807 | D:2      | Found a white marble altar of Elyvilon.
  1812 | D:2      | Found an opulent altar of Gozag.
  1814 | D:2      | Found an iron altar of Okawaru.
  1815 | D:2      | Found a blossoming altar of Fedhas.
  2009 | D:2      | Found a burning altar of Makhleb.
  2009 | D:2      | Found a white marble altar of Elyvilon.
  2014 | D:2      | Found an opulent altar of Gozag.
  2016 | D:2      | Found a blossoming altar of Fedhas.
  2018 | D:2      | Found an iron altar of Okawaru.
  2320 | D:3      | Found a shattered altar of Ashenzari.
  2325 | D:3      | Learned a level 3 spell: Stone Arrow
  2329 | D:3      | Learned a level 3 spell: Mephitic Cloud
  2956 | D:3      | Reached XP level 5. HP: 21/28 MP: 5/10
  3101 | D:4      | Reached skill level 1 in Conjurations
  3132 | D:4      | Reached skill level 1 in Poison Magic
  3134 | D:4      | Found a staircase to the Ecumenical Temple.
  3153 | Temple   | Entered the Ecumenical Temple
  3178 | Temple   | Reached XP level 6. HP: 20/32 MP: 11/11
  3376 | Temple   | Became a worshipper of Vehumet
  3441 | D:4      | Noticed a phantom
  3471 | D:4      | Killed a phantom
  3471 | D:4      | Reached skill level 6 in Earth Magic
  3574 | D:4      | Learned a level 5 spell: Lee's Rapid Deconstruction
  3636 | D:4      | Noticed a phantom
  3653 | D:4      | Killed a phantom
  3961 | D:4      | Reached XP level 7. HP: 14/36 MP: 13/13
  4267 | D:4      | Found a staircase to the Ecumenical Temple.
  4617 | D:5      | Entered Level 5 of the Dungeon
  5018 | D:5      | Noticed newbie's ghost (novice OgBe)
  5029 | D:5      | Mangled by newbie's ghost

Vault maps used:
D:1:      minmay_arrival_loop
D:2:      chequers_temple_overflow_minitemple, uniq_jessica
D:3:      first_bread, serial_curves, eino_curves_04, eino_curves_02,
          lemuel_statue_altar
D:5:      serial_shops, nicolae_shop_waterfront, minivault_26
Temple:   regret_index_temple_generic_petals

Skill      XL: |  1  2  3  4  5  6  7 |
---------------+----------------------+-----
Earth Magic    | 4 5 6 |  6.4
Spellcasting   | 3 4 |  4.4
Conjurations   | 1 2 3 |  3.2
Poison Magic   | 1 2 |  2.5
Fighting       | |  0.2
Armour         | |  0.9
Dodging        | |  1.5
Stealth        | |  2.1
Transmutations | |  0.7
Evocations     | |  0.3

Action                   |  1- 3 |  4- 6 |  7- 9 || total
-------------------------+-------+-------+-------++-------
Melee: Spear             |    45 |   127 |    54 ||   226
 Cast: Sandblast         |     7 |    34 |     8 ||    49
       Stone Arrow       |       |     2 |     7 ||     9
 Stab: Distracted        |       |     1 |       ||     1
  Eat: Chunk             |     2 |     8 |     4 ||    14
Armor: Leather armour    |    27 |    46 |    19 ||    92
Dodge: Dodged            |    17 |    87 |    33 ||   137
